 Dungeon Crawl Stone Soup version 0.28.0-43-g3370ac3207 (webtiles) character file.

Game seed: 11649724671304478039

22645 Araneus the Basher (level 12, -1/92 HPs)
             Began as a Demonspawn Fighter on Mar 10, 2022.
             Slain by FrostSilk's ghost (20 damage)
             ... on level 7 of the Dungeon.
             The game lasted 00:29:32 (13129 turns).

Araneus the Basher (Demonspawn Fighter)            Turns: 13129, Time: 00:29:33

Health: -1/92      AC: 19    Str: 20    XL:     12   Next: 64%
Magic:  0/12       EV:  6    Int: 20    God:
Gold:   482        SH: 11    Dex: 18    Spells: 11/11 levels left

rFire   x . .      SeeInvis .   s - +8 mace "Cauni" {freeze, *Noise rF- Int+9 Dex+5}
rCold   . . .      Faith    .   r - +0 kite shield
rNeg    . . .      Spirit   +   t - +0 chain mail
rPois   +          Reflect  .   v - +1 hat {Will+}
rElec   .          Harm     .   C - +0 cloak
rCorr   .          Rampage  .   (no gloves)
Will    +....                   f - +1 pair of boots
Stlth   ..........              j - amulet of guardian spirit
HPRegen 0.25/turn               (no ring)
MPRegen 0.13/turn               (no ring)

@: no status effects
A: slimy green scales 3, spiny 1, demonic magic 1, demonic touch 1
a: no special abilities


You were on level 7 of the Dungeon.
You visited 3 branches of the dungeon, and saw 12 of its levels.
You also visited: Sewer.

You collected 482 gold pieces.

Inventory:

Hand Weapons
 m - a +2 morningstar of flaming
 s - the +8 mace "Cauni" (weapon) {freeze, *Noise rF- Int+9 Dex+5}
   (You found it on level 2 of the Lair of Beasts)

   It freezes those it strikes, dealing additional cold damage.
   It can also slow down cold-blooded creatures.
   Int:       It affects your intelligence (+9).
   Dex:       It affects your dexterity (+5).
   rF:        It makes you vulnerable to fire.
   *Noise:    It may make noises in combat.
Armour
 f - a +1 pair of boots (worn)
 r - a +0 kite shield (worn)
 t - a +0 chain mail (worn)
 v - a +1 hat of willpower (worn)
 C - a +0 cloak (worn)
Jewellery
 c - a ring of protection from cold
 j - an amulet of guardian spirit (around neck)
 o - a +4 ring of protection
 w - a +6 ring of intelligence
 x - an amulet of magic regeneration
Wands
 a - a wand of flame (11)
 e - a wand of mindburst (5)
 n - a wand of paralysis (3)
Scrolls
 g - a scroll of fear
 h - 2 scrolls of magic mapping
 p - 2 scrolls of amnesia
 y - a scroll of teleportation
Potions
 b - 2 potions of berserk rage
 d - a potion of attraction
 i - a potion of haste
 k - a potion of ambrosia
 l - a potion of lignification
 q - 5 potions of curing
 u - 2 potions of magic
 F - 3 potions of brilliance {unknown}


   Skills:
 + Level 7.9 Fighting
 + Level 14.0 Maces & Flails
 + Level 8.4 Armour
 + Level 7.2 Shields
 - Level 8.0 Evocations


You had 11 spell levels left.
You didn't know any spells.
Your spell library contained the following spells:

 Spells                   Type           Power      Damage    Failure   Level
 Sandblast                Erth           0%         2d4       98%         1
 Slow                     Hex            0%         N/A       98%         1
 Ensorcelled Hibernation  Hex/Ice        0%         N/A       99%         2
 Passwall                 Tmut/Erth      0%         N/A       99%         2
 Confusing Touch          Hex            0%         N/A       100%        3
 Ignite Poison            Fire/Tmut/Pois 0%         N/A       100%        3
 Mephitic Cloud           Conj/Pois/Air  0%         N/A       100%        3
 Stone Arrow              Conj/Erth      0%         3d7       100%        3
 Swiftness                Air            0%         N/A       100%        3
 Vampiric Draining        Necr           0%         2d6       100%        3
 Freezing Cloud           Conj/Ice/Air   0%         6-21      100%        5


Dungeon Overview and Level Annotations

Branches:
Dungeon (8/15)             Temple (1/1) D:7            Lair (3/6) D:8
 Shoals (0/4) Lair:2       Spider (0/4) Lair:3        Sewer (visited)

Altars:
Cheibriados
Dithmenos
Fedhas
Gozag
Hepliaklqana
Kikubaaqudgha
Makhleb
Qazlal
Ru
Sif Muna
Trog
Uskayaw
Vehumet
Wu Jian
Xom
Yredelemnul
Zin
The Shining One

Annotations:
D:7 FrostSilk's ghost, novice MiBe
Lair:2 1 runed translucent door, kthxbai's ghost, journeyman DsNe


Innate Abilities, Weirdness & Mutations

You are completely covered in slimy green scales. (AC +4, rPois)
You are partially covered in sharp spines.
Spells you cast may paralyse adjacent enemies.
Your touch may inflict minor irresistible damage on your foes.


Message History

FrostSilk's ghost is lightly damaged.
You closely miss FrostSilk's ghost.
FrostSilk's ghost is lightly damaged.
FrostSilk's ghost hits you!!
You hit FrostSilk's ghost. You freeze FrostSilk's ghost.
FrostSilk's ghost is lightly damaged.
FrostSilk's ghost hits you.
You barely miss FrostSilk's ghost.
FrostSilk's ghost is lightly damaged.
FrostSilk's ghost is struck by your spines.
FrostSilk's ghost hits you!
* * * LOW HITPOINT WARNING * * *
You can't see any enemies this would affect, really read the scroll of fear?
Okay, then.
Aiming: Mindburst
Press: ? - help, Q - select action, (/) - cycle Shift-Dir - straight line, f - FrostSilk's ghost
Aim: FrostSilk's ghost, wielding a weapon of protection (lightly damaged, chance to affect: 60%) FrostSilk's ghost's mind is blasted!!
FrostSilk's ghost barely misses you.
Aiming: Mindburst
Press: ? - help, Q - select action, (/) - cycle Shift-Dir - straight line, f/p - FrostSilk's ghost
Aim: FrostSilk's ghost, wielding a weapon of protection (heavily damaged, chance to affect: 60%) FrostSilk's ghost resists with significant effort.
You block FrostSilk's ghost's attack.
Aiming: Mindburst
Press: ? - help, Q - select action, (/) - cycle Shift-Dir - straight line, f/p - FrostSilk's ghost
Aim: FrostSilk's ghost, wielding a weapon of protection (heavily damaged, chance to affect: 60%) FrostSilk's ghost resists with significant effort.
FrostSilk's ghost is struck by your spines.
FrostSilk's ghost hits you but does no damage.
Aiming: Mindburst
Press: ? - help, Q - select action, (/) - cycle Shift-Dir - straight line, f/p - FrostSilk's ghost
Aim: FrostSilk's ghost, wielding a weapon of protection (heavily damaged, chance to affect: 60%) FrostSilk's ghost's mind is blasted!!!
FrostSilk's ghost hits you!!
* * * LOW HITPOINT WARNING * * *
You feel better.
FrostSilk's ghost hits you but does no damage.
You feel better. FrostSilk's ghost hits you!!
You die...

#......#
#.........#...'......
###......#
#.........#...##..##.
.........#
##..##....#...######[
.#.......#
##+###...#######..)..
.#.††...##
#...##...###..##.).))
###.....##
#.............##).###
.........#
######........##..###
....#....#
##!.##...§.§.......#.
.>..###..#
#...@W...§§§.......#.
....#....#
#...##...##§.......#.
.........#
#...##...##.#####..#.
###.....##
######..§#..#§§ #..#.
.#...#### #...§§§§§§
#..## .#..##
#...#§§#§§ #..##
...##
##...##.#####..#.
####
#....###'###...#.
#..........'...##


You could see FrostSilk's ghost.

Vanquished Creatures
  Gastronok (D:8)
  2 hydras
  Erica (D:8)
  A two-headed ogre (D:6)
  A manticore (Lair:2)
  3 black mambas
  3 elephants (Lair:3)
  5 cane toads
  3 komodo dragons
  A wind drake (Lair:2)
  Grinder (D:4)
  19 blink frogs
  A jumping spider (Lair:3)
  A culicivora (Lair:2)
  11 yaks
  A redback (Lair:3)
  3 basilisks
  Menkaure (D:7)
  9 water moccasins
  Duvessa (D:5)
  2 orc warriors (D:7)
  A black bear (Lair:1)
  A sky beast (D:7)
  A necrophage (D:5)
  12 wolves
  3 centaurs
  2 phantoms
  9 bullfrogs
  2 scorpions
  A wyvern skeleton (D:6)
  A water moccasin skeleton (D:5)
  Dowan (D:5)
  9 wights
  2 bullfrog zombies
  2 centaur zombies
  5 hounds
  A centaur skeleton (D:7)
  A bullfrog skeleton (D:6)
  2 gnoll shamans
  2 iguanas (D:4)
  An orc wizard (D:8)
  8 gnolls
  2 river rats (Sewer)
  12 adders
  A white imp (D:8)
  2 adder skeletons (D:4)
  A worm (D:4)
  A dart slug (D:4)
  18 orcs
  20 ball pythons
  8 endoplasms
  6 giant cockroaches
  2 goblins
  5 hobgoblins
  9 jackals
  A kobold (D:3)
  2 quokkas
  3 bats
  5 frilled lizards
  2 jackal skeletons
  32 rats
270 creatures vanquished.

Vanquished Creatures (others)
  3 fungi
  5 plants
8 creatures vanquished.

Grand Total: 278 creatures vanquished

Notes
Turn   | Place    | Note
-------+----------+-------------------------------------------
     0 | D:1      | Araneus the Demonspawn Fighter began the quest for the Orb.
     0 | D:1      | Reached XP level 1. HP: 18/18 MP: 1/1
    63 | D:1      | Reached skill level 2 in Maces & Flails
   159 | D:1      | Found a faded altar of an unknown god.
   178 | D:1      | Gained mutation: You are partially covered in sharp spines.
                  | [demonic ancestry]
   178 | D:1      | Reached XP level 2. HP: 21/24 MP: 2/2
   704 | D:2      | Reached skill level 3 in Maces & Flails
   704 | D:2      | Reached XP level 3. HP: 29/29 MP: 3/3
  1503 | D:3      | Reached skill level 4 in Maces & Flails
  1503 | D:3      | Gained mutation: You are partially covered in slimy green
                  | scales. (AC +2) [demonic ancestry]
  1503 | D:3      | Reached XP level 4. HP: 35/35 MP: 4/4
  1809 | D:4      | Noticed a scorpion
  1816 | D:4      | Killed a scorpion
  1829 | D:4      | Gained mutation: You are mostly covered in slimy green
                  | scales. (AC +3) [demonic ancestry]
  1829 | D:4      | Reached XP level 5. HP: 38/41 MP: 5/5
  1839 | D:4      | Noticed Grinder
  1849 | D:4      | Reached skill level 5 in Maces & Flails
  1855 | D:4      | Paralysed by Grinder for 2 turns
  1867 | D:4      | Killed Grinder
  1868 | D:4      | Reached skill level 6 in Maces & Flails
  1868 | D:4      | Reached XP level 6. HP: 47/47 MP: 6/6
  2051 | D:4      | Found a blossoming altar of Fedhas.
  2376 | D:5      | Entered Level 5 of the Dungeon
  2426 | D:5      | Noticed Dowan
  2427 | D:5      | Found a glowing drain.
  2427 | D:5      | Noticed Duvessa
  2438 | D:5      | Killed Duvessa
  2439 | D:5      | Reached skill level 7 in Maces & Flails
  2439 | D:5      | Gained mutation: You are completely covered in slimy green
                  | scales. (AC +4, rPois) [demonic ancestry]
  2439 | D:5      | Reached XP level 7. HP: 40/52 MP: 7/7
  2440 | D:5      | Killed Dowan
  2464 | Sewer    | Entered a sewer
  2818 | Sewer    | Reached skill level 8 in Maces & Flails
  3016 | D:5      | Found a burning altar of Makhleb.
  3082 | D:5      | Reached XP level 8. HP: 56/58 MP: 8/8
  3159 | D:5      | Reached skill level 9 in Maces & Flails
  4108 | D:6      | Reached skill level 10 in Maces & Flails
  4531 | D:6      | Found a shadowy altar of Dithmenos.
  4551 | D:6      | Noticed a two-headed ogre
  4562 | D:6      | Killed a two-headed ogre
  4563 | D:6      | Reached skill level 11 in Maces & Flails
  4563 | D:6      | Gained mutation: Your touch may inflict minor irresistible
                  | damage on your foes. [demonic ancestry]
  4563 | D:6      | Reached XP level 9. HP: 36/63 MP: 5/9
  5144 | D:7      | Noticed Menkaure
  5166 | D:7      | Killed Menkaure
  5167 | D:7      | Reached skill level 1 in Evocations
  5421 | D:7      | Found a runed translucent door.
  5883 | D:7      | Reached skill level 12 in Maces & Flails
  5976 | D:7      | Found a staircase to the Ecumenical Temple.
  6082 | Temple   | Entered the Ecumenical Temple
  6475 | D:7      | Noticed FrostSilk's ghost (novice MiBe)
  6475 | D:7      | Noticed a six-headed hydra
  6816 | D:8      | Reached skill level 5 in Fighting
  6816 | D:8      | Reached skill level 5 in Armour
  6816 | D:8      | Reached skill level 5 in Shields
  6816 | D:8      | Gained mutation: Spells you cast may paralyse adjacent
                  | enemies. [demonic ancestry]
  6816 | D:8      | Reached XP level 10. HP: 74/74 MP: 10/10
  6829 | D:8      | Noticed Gastronok
  6871 | D:8      | Killed Gastronok
  6872 | D:8      | Reached XP level 11. HP: 23/81 MP: 1/11
  7192 | D:8      | Found a staircase to the Lair.
  7404 | D:8      | Noticed Erica
  7416 | D:8      | Killed Erica
  7562 | D:8      | Found an ornate altar of the Wu Jian Council.
  7677 | Lair:1   | Entered Level 1 of the Lair of Beasts
  7797 | Lair:1   | Reached skill level 13 in Maces & Flails
  9070 | Lair:2   | Noticed a seven-headed hydra
  9081 | Lair:2   | Killed a seven-headed hydra
 10047 | Lair:2   | Found a shimmering altar of Xom.
 10047 | Lair:2   | Noticed kthxbai's ghost (journeyman DsNe)
 10048 | Lair:2   | Noticed a +0 scimitar of chaos
 10049 | Lair:2   | Found a runed translucent door.
 10070 | Lair:2   | Identified the +8 mace "Cauni" {freeze, *Noise rF- Int+9
                  | Dex+5}
 10383 | Lair:2   | Found a staircase to the Shoals.
 10664 | Lair:2   | Reached XP level 12. HP: 41/89 MP: 5/12
 11893 | Lair:3   | Reached skill level 14 in Maces & Flails
 12232 | Lair:3   | Found a hole to the Spider Nest.
 13119 | D:7      | Killed a six-headed hydra
 13129 | D:7      | Slain by FrostSilk's ghost

Illustrated notes

Levels and vault maps discovered:
D:1:      dpeg_arrival_rooms_with_view, layout_basic,
          hellmonk_ecumenical_altar_dog_temple
D:2:      layout_loops_ring, basic_altar, minmay_misc_feat_more_columns
D:3:      layout_basic
D:4:      layout_basic, lemuel_doored_altar, uniq_grinder
D:5:      layout_cave_pods, bloody_makhleb, portal_sewer_entry_f, uniq_duvessa
D:6:      layout_cave_pools, grunt_dithmenos_shadows
D:7:      layout_gridville, minmay_temple_entry_tees, ebering_ghost_inner_flame,
          uniq_menkaure
D:8:      layout_loops_ring, mainiacjoe_overflow_alcove_4, lair_entry_dummy,
          uniq_gastronok, uniq_erica
Temple:   nicolae_temple_figure_eight
Lair:1:   layout_regular_city
Lair:2:   layout_gridlike, minmay_shoals_entry_beasts, ebering_ghost_xom
Lair:3:   layout_roguey, spider_nest_entry_funnel_web

Skill      XL: |  1  2  3  4  5  6  7  8  9 10 11 12 |
---------------+-------------------------------------+-----
Maces & Flails | 2 3 4 6 7 8 11 12 13 14 | 14.0
Armour         | 5 7 8 |  8.4
Evocations     | 6 7 8 |  8.0
Shields        | 5 6 7 |  7.2
Fighting       | 5 6 7 |  7.9

Action                   |  1- 3 |  4- 6 |  7- 9 | 10-12 || total
-------------------------+-------+-------+-------+-------++-------
Melee: Flail             |    92 |    71 |   327 |    50 ||   540
       Morningstar       |       |       |       |   158 ||   158
       Mace              |       |       |       |   223 ||   223
Evoke: Wand              |       |     1 |     5 |    11 ||    17
  Use: Scroll            |       |     7 |     8 |    12 ||    27
       Potion            |       |     1 |     4 |     7 ||    12
 Stab: Paralysed         |       |     5 |       |       ||     5
Armor: Scale mail        |    46 |     8 |       |       ||    54
       Chain mail        |       |    18 |   199 |   218 ||   435
Dodge: Dodged            |    34 |    25 |    91 |   113 ||   263
Block: Buckler           |    25 |    15 |    72 |       ||   112
       Kite shield       |       |       |    33 |   214 ||   247
